 Dungeon Sprint DCSS version 0.29-a0-364-g921d912d32 (webtiles) character file.

Game seed: 16721067036704128811

443 mhtbhm the Cleaver (level 6, -6/94 HPs)
             Began as a Draconian Berserker on Apr 30, 2022.
             Was a High Priest of Trog.
             Mangled by a deep troll (8 damage)
             ... in the Dungeon (Sprint VII: "The Pits").
             The game lasted 00:00:57 (461 turns).

mhtbhm the Cleaver (Draconian Berserker)             Turns: 461, Time: 00:00:57

Health: -6/94      AC:  6    Str: 22    XL:     6   Next: 71%
Magic:  6/6        EV: 14    Int:  7    God:    Trog [*****.]
Gold:   0          SH:  0    Dex: 10    Spells: 5/5 levels left

rFire   . . .      SeeInvis .   a - +1 hand axe (freeze)
rCold   . . .      Faith    .   (no shield)
rNeg    . . .      Spirit   .   (body armour unavailable)
rPois   .          Reflect  .   (helmet restricted)
rElec   .          Harm     .   (no cloak)
rCorr   .          Rampage  .   (no gloves)
Will    .....      NoTele   +   (no boots)
Stlth   ..........              (no amulet)
HPRegen 0.25/turn               (no ring)
MPRegen 0.10/turn               (no ring)

@: berserking, hasted, very quick
A: AC +6, unfitting armour, cold-blooded
a: Renounce Religion, Berserk, Trog's Hand, Brothers in Arms


You were in the Dungeon.
You worshipped Trog.
Trog was extremely pleased with you.
You visited 1 branch

Inventory:

Hand Weapons
 a - a +1 hand axe of freezing (weapon)
Scrolls
 g - a scroll of blinking
 i - a scroll of summoning
Potions
 b - 6 potions of curing
 c - 5 potions of heal wounds
 e - 4 potions of magic
 f - 3 potions of berserk rage
 h - 2 potions of invisibility


   Skills:
 + Level 9.2 Fighting
 + Level 9.7 Axes
 + Level 7.3 Dodging
 + Level 2.8 Stealth


You had 5 spell levels left.
You didn't know any spells.
Your spell library was empty.

Dungeon Overview and Level Annotations

Branches:
Dungeon (1/1)

Altars:
Gozag
Hepliaklqana
Sif Muna
Trog
Jiyva


Innate Abilities, Weirdness & Mutations

Your plain brown scales are hard. (AC +6)
You cannot fit into any form of body armour.
You are cold-blooded and may be slowed by cold attacks.


Message History

Things that are here:
a +0 dagger; a +0 robe You open the door.
A deep troll comes into view.
There is an open door here.
The helpless deep troll fails to defend itself.
You slash the deep troll! You freeze the deep troll.
The deep troll is moderately wounded.
The deep troll bites you! The deep troll claws you! The deep troll claws you.
You hit the deep troll but do no damage.
The deep troll is moderately wounded.
The deep troll bites you. The deep troll misses you. x2
You hit the deep troll. You freeze the deep troll.
You tail-slap the deep troll, but do no damage.
The deep troll is moderately wounded.
You hit the deep troll but do no damage.
Your punch misses the deep troll.
The deep troll is moderately wounded.
The deep troll bites you! The deep troll claws you.
* * * LOW HITPOINT WARNING * * *
The deep troll claws you!
* * * LOW HITPOINT WARNING * * *
You feel yourself speed up. The deep troll barely misses you. x2
The deep troll claws you but does no damage.
You feel much better. The deep troll bites you!
The deep troll barely misses you.
The deep troll claws you but does no damage.
A red film seems to cover your vision as you go berserk!
You feel yourself moving faster!
You feel mighty! The deep troll bites you!
The deep troll claws you but does no damage.
The deep troll claws you.
* * * LOW HITPOINT WARNING * * *
You slash the deep troll! You freeze the deep troll.
The deep troll is heavily wounded.
You hit the deep troll. You freeze the deep troll.
The deep troll is heavily wounded.
The deep troll bites you!!
* * * LOW HITPOINT WARNING * * *
The deep troll claws you!
You die...

#.#...)....##.......#
#.#........##.......#
#'###########.......#
#.......# #########
#))†....# #...#...#
#..###..#+#
#...#...#T+
#.......#@#
#.......')#
###########


You could see a deep troll.

Vanquished Creatures
  A flying skull (D)
  A floating eye (D)
  A centaur (D)
  A crimson imp (D)
  An orc wizard (D)
  A gnoll (D)
  2 river rats (D)
  An adder skeleton (D)
  A worm (D)
  A bat (D)
  2 goblins (D)
  2 jackals (D)
  A giant cockroach zombie (D)
  A quokka zombie (D)
17 creatures vanquished.

Notes
Turn   | Place    | Note
-------+----------+-------------------------------------------
     0 | D        | mhtbhm the Draconian Berserker began the quest for the Orb.
     0 | D        | Reached XP level 1. HP: 19/19 MP: 1/1
    62 | D        | Reached ** piety under Trog
    64 | D        | Noticed a floating eye
    66 | D        | Paralysed by a floating eye for 2 turns
    68 | D        | Killed a floating eye
    69 | D        | Reached skill level 5 in Dodging
    69 | D        | Reached XP level 2. HP: 31/31 MP: 2/2
    69 | D        | Reached XP level 3. HP: 38/38 MP: 3/3
    69 | D        | Reached XP level 4. HP: 45/45 MP: 4/4
    78 | D        | Noticed a flying skull
    87 | D        | Killed a flying skull
    87 | D        | Reached *** piety under Trog
    88 | D        | Reached XP level 5. HP: 35/53 MP: 5/5
    90 | D        | Reached XP level 6. HP: 41/61 MP: 6/6
   280 | D        | Found a bloodstained altar of Trog.
   280 | D        | Found a shimmering blue altar of Sif Muna.
   280 | D        | Found a viscous altar of Jiyva.
   280 | D        | Found a hazy altar of Hepliaklqana.
   280 | D        | Found an opulent altar of Gozag.
   305 | D        | Reached **** piety under Trog
   427 | D        | Reached ***** piety under Trog
   451 | D        | Noticed a deep troll
   461 | D        | HP: 2/94 [deep troll (24)]
   461 | D        | Mangled by a deep troll

Illustrated notes

Levels and vault maps discovered:
D:        pitsprint [storerooms_1, entrance_room_1, metal_vault_5, armoury_1,
          mini_pit_1, grid_room_1, main_hall_1, silver_pit, the_coven_1,
          the_vestibule_1, steel_vault_2, golden_pit, hallway_of_sentries,
          crystal_vault_5, iron_vault_2, final_vault]

Skill      XL: |  1  2  3  4  5  6 |
---------------+-------------------+-----
Dodging        | 5 6 7 |  7.3
Fighting       | 6 8 9 |  9.2
Axes           | 6 8 9 |  9.7
Stealth        | 2 |  2.8

Action                   |  1- 3 |  4- 6 || total
-------------------------+-------+-------++-------
Melee: Hand axe          |    12 |    33 ||    45
       Tailslap          |     1 |     3 ||     4
       Punch             |     1 |       ||     1
Invok: Berserk           |       |     3 ||     3
  Use: Potion            |       |     2 ||     2
 Stab: Sleeping          |     1 |     4 ||     5
Armor: Skin              |     4 |     7 ||    11
Dodge: Dodged            |     6 |    28 ||    34

Table legend: (Time is in decaauts)
 A = Elapsed time spent in this place.
 B = Non-inter-level travel time spent in this place.
 C = Inter-level travel time spent in this place.
 D = Time resting spent in this place.
 E = Time spent auto-exploring this place.
 F = Levels seen in this place.
 G = Mean time per level.
                   A        B        C        D        E       F      G
               +--------+--------+--------+--------+--------+-----+--------+
         Total |    474 |    474 |      0 |    131 |    170 |   1 |  474.0 |
       Dungeon |    474 |    474 |      0 |    131 |    170 |   1 |  474.0 |
               +--------+--------+--------+--------+--------+-----+--------+

Top non-repeatable levels by time:
       D: 474 daAuts
